 Dungeon Crawl Stone Soup version 0.22-a0-521-gb1378044ac (webtiles) character file.

49 Kaname the Conjurer (level 3, -2/24 HPs)
             Began as a Demonspawn Wizard on June 20, 2018.
             Slain by an adder (3 damage)
             ... on level 2 of the Dungeon.
             The game lasted 00:06:09 (1293 turns).

Kaname the Conjurer (Demonspawn Wizard)             Turns: 1293, Time: 00:06:09

Health: -2/24      AC:  3    Str:  7    XL:     3   Next: 53%
Magic:  1/7        EV: 12    Int: 20    God:
Gold:   28         SH:  0    Dex: 11    Spells: 2/8 levels left

rFire    . . .     SeeInvis .   c - +1 short sword
rCold    . . .     Gourm    .   (no shield)
rNeg     . . .     Faith    .   a - +0 robe
rPois    .         Spirit   .   b - +0 hat
rElec    .         Reflect  .   (no cloak)
rCorr    .         Harm     .   (no gloves)
MR       .....                  l - +0 pair of boots (curse)
Stlth    ++........             f - amulet of rage
HPRegen  0.08/turn              g - -6 ring of slaying (curse)
MPRegen  0.10/turn              (no ring)

@: lethally poisoned (-2 -> -17)
A: foul stench 1, rot immunity
a: Evoke Berserk Rage


You were on level 2 of the Dungeon.
You were not hungry.

You visited 1 branch of the dungeon, and saw 2 of its levels.

You collected 28 gold pieces.

Inventory:

Hand Weapons
 c - a +1 short sword (weapon)
Missiles
 k - 19 arrows
Armour
 a - a +0 robe (worn)
 b - a +0 hat (worn)
 l - a cursed +0 pair of boots (worn)
Jewellery
 f - an amulet of rage (around neck)
 g - a cursed -6 ring of slaying (left hand)
Scrolls
 e - a scroll of magic mapping {unknown}
 i - a scroll of immolation {unknown}
Comestibles
 d - 3 rations


   Skills:
 - Level 1.7 Dodging
 - Level 1.7 Stealth
 - Level 3.0 Spellcasting
 + Level 3.5 Conjurations
   Level 1.0 Summonings
 - Level 0.8 Translocations


You had 2 spell levels left.
You knew the following spells:

 Your Spells              Type           Power        Failure   Level  Hunger
a - Magic Dart            Conj           ###.         3%          1    None
b - Blink                 Tloc           N/A          16%         2    ##.....
c - Mephitic Cloud        Conj/Pois/Air  #.......     26%         3    ###....

Your spell library contained the following spells:

 Spells                   Type           Power        Failure   Level  Hunger
 Conjure Flame            Conj/Fire      ##......     21%         3    ###....
 Slow                     Hex            #.......     22%         2    ##.....
 Call Imp                 Summ           #.......     14%         2    ##.....


Dungeon Overview and Level Annotations

Branches:
Dungeon (2/15)

Altars:


Innate Abilities, Weirdness & Mutations

You may emit foul miasma when damaged in melee.
You are immune to rotting.


Message History

The adder misses you. The adder closely misses you.
You barely miss the adder.
The adder is almost dead.
You feel sick. The adder completely misses you. The adder bites you.
* * * LOW HITPOINT WARNING * * *
You are more poisoned.
The adder poisons you!
You closely miss the adder.
The adder is almost dead.
* * * LOW HITPOINT WARNING * * *
You feel sick. The adder bites you.
* * * LOW HITPOINT WARNING * * *
You are more poisoned.
The adder poisons you!
You hit the adder but do no damage.
The adder is almost dead.
* * * LOW HITPOINT WARNING * * *
You feel sick. The adder barely misses you. The adder bites you.
You die...

#.#..........[.
#.#............
#.#............
##.#............
#........)).....
#..##.##########
####.†##........#
#.....#########.#
#.##...S@.# #.#
#.#######.# #.#
#.# #.# #.#
#.#### #.#
#.#########
#....# #.#
#..........
####.# #.#
###########
#.####.# #......#
#.######


You could see an adder.

Vanquished Creatures
  A dart slug (D:1)
  3 leopard geckos (D:1)
  5 bats (D:1)
  A giant cockroach (D:1)
  4 goblins
  5 hobgoblins
  5 jackals
  9 kobolds
  A ball python (D:1)
  2 frilled lizards (D:1)
  3 rats (D:1)
  A plant (D:1)
40 creatures vanquished.

Notes
Turn   | Place    | Note
-------+----------+-------------------------------------------
     0 | D:1      | Kaname the Demonspawn Wizard began the quest for the Orb.
     0 | D:1      | Reached XP level 1. HP: 13/13 MP: 4/4
    76 | D:1      | Gained mutation: You are immune to rotting. [demonic ancestry]
    76 | D:1      | Reached XP level 2. HP: 8/19 MP: 0/6
   605 | D:1      | Gained mutation: You may emit foul miasma when damaged in melee. [demonic ancestry]
   605 | D:1      | Reached XP level 3. HP: 22/24 MP: 0/7
  1072 | D:2      | Learned a level 2 spell: Blink
  1076 | D:2      | Learned a level 3 spell: Mephitic Cloud
  1293 | D:2      | HP: 1/24 [poisoned by an adder]
  1293 | D:2      | Slain by an adder

Vault maps used:
D:1:      minmay_arrival_radiant_lines, hangedman_decor_clover_reticule,
          minmay_misc_feat_doors, lexackson_kobold_supper

Skill      XL: |  1  2 |
---------------+-------+-----
Conjurations   | 2 3 |  3.5
Dodging        | |  1.7
Stealth        | |  1.7
Spellcasting   | |  3.0
Summonings     | |  1.0
Translocations | |  0.8

Action                   || total
-------------------------++-------
Melee: Short sword       ||   100
 Cast: Magic Dart        ||    74
  Use: Scroll            ||     1
       Potion            ||     2
  Eat: Chunk             ||     1
Armor: Robe              ||    13
Dodge: Dodged            ||    53

Table legend:
 A = Spawn XP
 B = Non-spawn XP
 C = Spawn XP percentage of total XP
 D = Spawn monster count
 E = Non-spawn monster count
 F = Spawn count percentage of total count
 G = Total turns spent on level
                    A         B        C        D         E        F      G
               +---------+---------+-------+---------+---------+-------+---------
         Total |       0 |      71 |   0.0 |       0 |      39 |   0.0 |  1293
               +---------+---------+-------+---------+---------+-------+---------
           D:1 |       0 |      58 |   0.0 |       0 |      32 |   0.0 |  1068
           D:2 |       0 |      13 |   0.0 |       0 |       7 |   0.0 |   225
               +---------+---------+-------+---------+---------+-------+---------
